AoeStats
← larysnodder

Arabia

510603294Analyzed
3v3 RM · 13h ago on Oct 1, 2026· 45m 48s· 6 players
Game mode
Random Map
Map size
Normal (6 player)
Population
200
Speed
Normal
Resources
Standard
Victory
Conquest
Starting age
Dark Age
Ending age
Imperial Age
RankedLock teamsTeams togetherTeam positionsShared explorationLock speedFull tech treeHidden civsTurbo modeCheats
Victory
Defeat
🇩🇪 Georgians · Germany
1344
+15
🇩🇪 Magyars · Germany
1300
+17
🇦🇹 Hindustanis · Austria
1239
+20
🇬🇧 Cumans · United Kingdom
1343
-18
🇬🇧 Britons · United Kingdom
1330
-18
🇬🇧 Teutons · United Kingdom
1302
-16
larysnodder
6:37 Loom
9:20 Feudal Age
9:48 Double-Bit Axe
12:21 Horse Collar
16:34 Scale Barding Armor
23:17 Castle Age
22:31 Forging
23:26 Light Cavalry
34:07 Stone Mining
39:28 Scale Mail Armor
45:42 Chain Mail Armor
Schlingelbub
7:20 Loom
9:25 Feudal Age
10:05 Double-Bit Axe
10:03 Horse Collar
11:54 Town Watch
19:35 Wheelbarrow
22:54 Castle Age
22:31 Bloodlines
23:36 Scale Barding Armor
23:41 Forging
23:00 Light Cavalry
25:04 Bow Saw
29:35 Hand Cart
41:54 Chain Barding Armor
44:14 Husbandry
PudelDesTodes
4:19 Loom
9:48 Feudal Age
10:20 Double-Bit Axe
10:17 Horse Collar
15:45 Scale Barding Armor
18:52 Bloodlines
23:52 Castle Age
22:46 Gold Mining
25:43 Husbandry
25:06 Light Cavalry
28:19 Heavy Plow
29:00 Bow Saw
29:24 Scale Mail Armor
30:10 Wheelbarrow
29:57 Pikeman
39:22 Chain Barding Armor
43:05 Hand Cart
43:27 Gold Shaft Mining
48:37 Imperial Age
sguu
6:34 Loom
9:14 Feudal Age
9:47 Double-Bit Axe
9:43 Horse Collar
21:11 Castle Age
21:19 Bloodlines
21:15 Scale Barding Armor
25:34 Town Watch
32:31 Fletching
40:58 Horse Collar
42:57 Chain Barding Armor
44:41 Bodkin Arrow
PIP.doed
7:25 Loom
9:35 Feudal Age
11:31 Town Watch
12:01 Gold Mining
12:08 Double-Bit Axe
14:13 Scale Mail Armor
14:42 Fletching
21:55 Scale Barding Armor
24:17 Bloodlines
28:06 Castle Age
26:20 Forging
27:11 Horse Collar
41:47 Heavy Plow
43:00 Bodkin Arrow
applet
7:48 Loom
9:56 Feudal Age
13:46 Double-Bit Axe
17:56 Fletching
23:39 Castle Age
22:06 Padded Archer Armor
22:41 Horse Collar
24:17 Bodkin Arrow
23:43 Crossbowman
26:43 Ballistics
26:39 Leather Archer Armor
26:36 Forging
27:25 Bow Saw
30:41 Wheelbarrow
31:50 Gold Mining
36:13 Imperial Age
37:24 Gold Shaft Mining
36:14 Arbalester
36:55 Bracer
37:57 Chemistry
38:52 Ring Archer Armor
39:07 Hand Cart
38:38 Town Watch
40:59 Masonry
41:56 Squires
41:57 Scale Mail Armor
43:27 Heavy Plow
44:12 Yeomen
44:17 Conscription
44:25 Siege Engineers
43:51 Pikeman
44:47 Chain Mail Armor
Connection lost

Rejoining the realm…

Still unreachable

The connection could not be restored.

Session expired

The server has moved on; the page needs a fresh start.